 Dungeon Crawl Stone Soup version 0.31-a0-774-g0d66cbabe8 (webtiles) character file.

Game seed: 4033349118537761206

160 Shayle the Firebug (level 5, -6/48 HPs)
             Began as an Ogre Hexslinger on Sept 18, 2023.
             Mangled by an orc
             ... wielding a +0 war axe
              (9 damage)
             ... on level 4 of the Dungeon.
             The game lasted 00:04:18 (2244 turns).

Shayle the Firebug (Ogre Hexslinger)                Turns: 2244, Time: 00:04:22

Health: -6/48      AC:  3    Str: 11 (12) XL:     5   Next: 41%
Magic:  6/6        EV:  9    Int: 13 (16) God:
Gold:   129        SH:  0    Dex: 10 (11) Spells: 6/6 levels left

rFire   . . .        a - +1 sling
rCold   . . .        (no shield)
rNeg    . . .        c - +0 robe
rPois   .            (helmet restricted)
rElec   .            (no cloak)
rCorr   .            (gloves unavailable)
SInv    .            (boots unavailable)
Will    .....        (no amulet)
Stlth   +            (no ring)
HPRegen 0.28/turn    (no ring)
MPRegen 0.10/turn

%: no passive effects
@: lethally poisoned (-6 -> -11)
A: large, unfitting armour, tough skin 1
a: no special abilities


You were on level 4 of the Dungeon.
You visited 1 branch of the dungeon, and saw 4 of its levels.

You collected 129 gold pieces.

Inventory:

Hand Weapons
 a - a +1 sling (weapon)
Missiles
 g - 6 silver javelins
Armour
 c - a +0 robe (worn)
Scrolls
 b - a scroll of poison
 d - a scroll of fog
 f - a scroll of identify
 h - a scroll of vulnerability


   Skills:
 - Level 1.3 Fighting
 - Level 1.3 Ranged Weapons
 - Level 1.7 Dodging
 + Level 3.0 Unarmed Combat
 - Level 1.2 Spellcasting
 - Level 2.6 Hexes
 + Level 3.2 Fire Magic


You had 6 spell levels left.
You didn't know any spells.
Your spell library contained the following spells:

 Spells                   Type           Power      Damage    Failure   Level
 Jinxbite                 Hex            14%        N/A       14%         2
 Inner Flame              Hex/Fire       8%         N/A       24%         3
 Sting                    Tmut/Pois      0%         1d3       28%         1
 Sigil of Binding         Hex            7%         N/A       28%         3
 Cigotuvi's Dreadful Rot  Necr/Pois/Air  0%         N/A       38%         2
 Poisonous Vapours        Pois/Air       0%         N/A       38%         2
 Static Discharge         Conj/Air       0%         2-2/arc   38%         2
 Ignite Poison            Fire/Tmut/Pois 3%         N/A       47%         3
 Cause Fear               Hex            3%         N/A       67%         4
 Dimensional Bullseye     Hex/Tloc       2%         N/A       85%         4
 Airstrike                Air            0%         2d(0-16)  95%         4
 Animate Dead             Necr           0%         N/A       95%         4
 Olgreb's Toxic Radiance  Pois           0%         N/A       95%         4
 Summon Lightning Spire   Summ/Air       0%         N/A       95%         4
 Borgnjor's Vile Clutch   Necr/Erth      0%         N/A       100%        5
 Freezing Cloud           Conj/Ice/Air   0%         6-21      100%        5
 Death Channel            Necr           0%         N/A       100%        6


Dungeon Overview and Level Annotations

Branches:
Dungeon (4/15)
 Temple: D:4-7

Altars:

Annotations:
D:3 Terence


Innate Abilities, Weirdness & Mutations

You are too large for most types of armour.
You have tough skin. (AC +1)


Message History

* * * LOW HITPOINT WARNING * * *
Unknown command.
You shoot a sling bullet.
The sling bullet closely misses the orc.
You shoot a sling bullet. The sling bullet barely misses the orc.
The sling bullet barely misses the orc priest.
The orc hits you but does no damage.
The orc priest invokes the aid of Beogh against you.
Beogh smites you!
* * * LOW HITPOINT WARNING * * *
You hear some strange, mumbled words.
Something tries to affect you, but you resist.
The orc priest hits you but does no damage.
You shoot a sling bullet.
The sling bullet barely misses the orc priest.
The orc hits you with a +0 war axe.
* * * LOW HITPOINT WARNING * * *
You hear some strange, mumbled words.
Something tries to affect you, but you resist.
The orc priest hits you with a +0 flail.
* * * LOW HITPOINT WARNING * * *
It was a potion of degeneration.
There was something very wrong with that liquid.
You feel weakened.
You feel dopey.
You feel clumsy.
An orc comes into view. It is wielding a +0 mace.
Something hits you but does no damage.
The orc priest hits you but does no damage.
You shoot a sling bullet.
The sling bullet barely misses the orc priest.
You feel less wooden.
Your +0 robe unmelds from your body.
Something hits you but does no damage.
You are poisoned.
Something hits you.
* * * LOW HITPOINT WARNING * * *
The orc priest calls down the wrath of Beogh upon you.
Something writhes in agony.
The orc priest hits you with a +0 flail.
* * * LOW HITPOINT WARNING * * *
The orc hits you with a +0 war axe!
You die...

#####
#...#####
#.o.....#
#@......#
##oo....#
......#
#....o.
....###
#.$.#
..### #.#


You could see 2 orc priests and 2 orcs.

Vanquished Creatures
  An ogre (D:4)
  3 adders (D:2)
  An orc (D:3)
  2 endoplasms (D:2)
  3 giant cockroaches
  5 goblins
  3 hobgoblins
  6 jackals (D:2)
  4 quokkas (D:1)
  3 ball pythons
  4 bats (D:1)
  4 frilled lizards
  8 kobolds
  6 rats
53 creatures vanquished.

Notes
Turn   | Place    | Note
-------+----------+-------------------------------------------
     0 | D:1      | Shayle the Ogre Hexslinger began the quest for the Orb.
     0 | D:1      | Reached XP level 1. HP: 19/19 MP: 2/2
    14 | D:1      | Reached skill level 1 in Fire Magic
   191 | D:1      | Reached XP level 2. HP: 27/27 MP: 3/3
   231 | D:1      | Reached skill level 1 in Unarmed Combat
   636 | D:1      | Reached XP level 3. HP: 33/33 MP: 4/4
  1198 | D:2      | Reached XP level 4. HP: 18/41 MP: 5/5
  2002 | D:3      | Noticed Terence
  2229 | D:4      | Noticed an ogre
  2238 | D:4      | Killed an ogre
  2239 | D:4      | Reached XP level 5. HP: 24/48 MP: 6/6
  2244 | D:4      | Mangled by an orc

Illustrated notes

Levels and vault maps discovered:
D:1:      minmay_arrival_open_corners, layout_basic
D:2:      layout_loops_ring, hangedman_abyss_or_decor_lesser_grid,
          kennysheep_pointless_box, minmay_pentomino_p4
D:3:      layout_loops_ring, minmay_misc_feat_four_crosses, uniq_terence
D:4:      layout_basic, overflow_temple_1_default,
          minmay_temple_entry_enclosed_plants, serial_shops, shop,
          nicolae_shop_overgrown_old_shop, nicolae_shop_just_a_little_nook,
          serial_glass, glass_columns_b, glass_columns_a, glass_columns_a,
          glass_columns_b, glass_columns_b, glass_columns_b, glass_columns_a,
          glass_columns_c, glass_columns_a, glass_columns_a, glass_columns_b,
          glass_columns_a, glass_columns_a, glass_columns_a, uniq_edmund,
          uniq_eustachio

Skill      XL: |  1  2  3  4 |
---------------+-------------+-----
Fire Magic     | 1 2 3 |  3.2
Unarmed Combat | 1 2 3 |  3.0
Fighting       | |  1.3
Ranged Weapons | |  1.3
Dodging        | |  1.7
Spellcasting   | |  1.2
Hexes          | |  2.6

Action                     |  1- 3 |  4- 6 || total
---------------------------+-------+-------++-------
   Fire: Sling             |   129 |    72 ||   201
    Use: Scroll            |       |     3 ||     3
         Potion            |       |     2 ||     2
 Armour: Robe              |    59 |    34 ||    93
         Skin              |       |    11 ||    11
  Dodge: Dodged            |    42 |    23 ||    65

Table legend: (Time is in decaauts)
 A = Elapsed time spent in this place.
 B = Non-inter-level travel time spent in this place.
 C = Inter-level travel time spent in this place.
 D = Time resting spent in this place.
 E = Time spent auto-exploring this place.
 F = Levels seen in this place.
 G = Mean time per level.
                   A        B        C        D        E       F      G
               +--------+--------+--------+--------+--------+-----+--------+
         Total |   2311 |   2230 |     81 |    220 |   1572 |   4 |  577.8 |
       Dungeon |   2311 |   2230 |     81 |    220 |   1572 |   4 |  577.8 |
               +--------+--------+--------+--------+--------+-----+--------+

Top non-repeatable levels by time:
     D:2: 1157 daAuts
     D:1: 974 daAuts
     D:3: 159 daAuts
     D:4: 20 daAuts
